 Dungeon Crawl Stone Soup version 0.22.0-27-ga576289 (webtiles) character file.

212 xormask the Conjurer (level 5, -1/28 HPs)
             Began as a Deep Elf Wizard on Aug 23, 2018.
             Hit by a poisoned tomahawk thrown by an orc (4 damage)
             ... on level 4 of the Dungeon.
             The game lasted 00:05:31 (3237 turns).

xormask the Conjurer (Deep Elf Wizard)              Turns: 3237, Time: 00:05:32

Health: -1/28      AC:  2    Str:  4    XL:     5   Next: 58%
Magic:  2/14       EV: 13    Int: 24    God:
Gold:   179        SH:  0    Dex: 13    Spells: 1/14 levels left

rFire    . . .     SeeInvis .   t - +0 long sword
rCold    . . .     Gourm    .   (no shield)
rNeg     . . .     Faith    .   a - +0 robe
rPois    .         Spirit   .   b - +0 hat
rElec    .         Reflect  .   (no cloak)
rCorr    .         Harm     .   (no gloves)
MR       .....                  (no boots)
Stlth    ++........             (no amulet)
HPRegen  0.09/turn              (no ring)
MPRegen  0.14/turn              (no ring)

@: lethally poisoned (-1 -> -6), very slightly contaminated
A: no striking features
a: no special abilities


You were on level 4 of the Dungeon.
You were hungry.

You visited 1 branch of the dungeon, and saw 4 of its levels.

You collected 179 gold pieces.

Inventory:

Hand Weapons
 t - a +0 long sword (weapon)
Armour
 a - a +0 robe (worn)
 b - a +0 hat (worn)
Jewellery
 r - a cursed ring of attention {unknown}
 u - a +6 amulet of reflection {unknown}
Scrolls
 c - 2 scrolls of fear {unknown}
 f - 5 scrolls of identify {unknown}
 i - 3 scrolls of blinking {unknown}
 j - a scroll of noise {unknown}
 k - a scroll of enchant weapon {unknown}
 l - a scroll of remove curse {unknown}
 n - a scroll of enchant armour {unknown}
 o - a scroll of magic mapping {unknown}
 p - a scroll of random uselessness {unknown}
 s - 2 scrolls of immolation {unknown}
 v - a scroll of amnesia {unknown}
 x - a scroll of teleportation {unknown}
Potions
 e - 2 potions of haste {unknown}
 g - a potion of invisibility {unknown}
 h - a potion of curing {unknown}
 m - a potion of degeneration {unknown}
 w - a potion of lignification {unknown}
 z - a potion of flight {unknown}
Comestibles
 d - 7 rations


   Skills:
 - Level 2.4 Dodging
 - Level 2.4 Stealth
 - Level 5.3 Spellcasting
 * Level 5.6 Conjurations
 - Level 1.1 Summonings
 - Level 1.1 Translocations


You had one spell level left.
You knew the following spells:

 Your Spells              Type           Power        Failure   Level  Hunger
a - Magic Dart            Conj           ####         1%          1    None
b - Blink                 Tloc           N/A          9%          2    None
c - Call Imp              Summ           ##......     9%          2    None
d - Conjure Flame         Conj/Fire      ###.....     9%          3    ##.....
e - Mephitic Cloud        Conj/Pois/Air  ###.....     12%         3    ##.....
f - Slow                  Hex            #.......     13%         2    None

Your spell library contained the following spells:

 Spells                   Type           Power        Failure   Level  Hunger


Dungeon Overview and Level Annotations

Branches:
Dungeon (4/15)
 Temple: D:4-7

Altars:
Dithmenos
Fedhas
Wu Jian
The Shining One


Message History

The orc wizard mumbles some strange words.
The orc wizard blinks!
The orc throws a poisoned tomahawk.
The poisoned tomahawk hits you but does no damage.
You are lethally poisoned!
You see here a poisoned tomahawk.
* * * LOW HITPOINT WARNING * * *
You feel sick.
The orc wizard mumbles some strange words.
The orc wizard blinks!
There is a stone staircase leading up, spattered with blood here.
Okay, then.
Casting: Blink (safe; 9% risk of failure)
Confirm with . or Enter, or press ? or * to list all spells.
You blink.
An adder comes into view.
The adder hisses angrily.
A worker ant comes into view.
The worker ant twitches its antennae in your direction.
The orc throws a poisoned tomahawk.
The poisoned tomahawk hits you.
You die...

. ###.#..### .
... .._ ...# .#
!.
.#)..#.####.##.#
...
.......§o..g.
####....g


You could see an ogre, a worker ant, 2 orc wizards, 2 adders and 5 orcs.

Vanquished Creatures
  A quasit (D:2)
  An iguana (D:3)
  A gnoll (D:1)
  7 adders
  An ooze (D:2)
  3 worms
  A dart slug (D:2)
  3 leopard geckos
  An orc (D:3)
  9 giant cockroaches
  6 goblins
  8 hobgoblins
  6 kobolds
  A quokka (D:2)
  7 bats
  3 frilled lizards
  6 rats
65 creatures vanquished.

Notes
Turn   | Place    | Note
-------+----------+-------------------------------------------
     0 | D:1      | xormask the Deep Elf Wizard began the quest for the Orb.
     0 | D:1      | Reached XP level 1. HP: 10/10 MP: 7/7
   216 | D:1      | Reached XP level 2. HP: 12/15 MP: 1/9
   815 | D:2      | Reached XP level 3. HP: 10/19 MP: 1/11
   819 | D:2      | Learned a level 2 spell: Blink
   822 | D:2      | Learned a level 2 spell: Call Imp
   826 | D:2      | Learned a level 3 spell: Conjure Flame
   830 | D:2      | Learned a level 3 spell: Mephitic Cloud
  1067 | D:2      | Reached skill level 5 in Spellcasting
  1705 | D:2      | Reached XP level 4. HP: 24/24 MP: 8/13
  1746 | D:2      | Learned a level 2 spell: Slow
  2251 | D:3      | Reached XP level 5. HP: 28/28 MP: 4/14
  2464 | D:3      | Reached skill level 5 in Conjurations
  2509 | D:3      | Found a blossoming altar of Fedhas.
  2649 | D:3      | Found a shadowy altar of Dithmenos.
  2739 | D:3      | Found a glowing golden altar of the Shining One.
  3220 | D:4      | Found an ornate altar of the Wu Jian Council.
  3220 | D:4      | Noticed an ogre
  3237 | D:4      | Hit by a poisoned tomahawk thrown by an orc

Skill      XL: |  1  2  3  4  5 |
---------------+----------------+-----
Conjurations   | 2 3 4 5 |  5.6
Spellcasting   | 5 |  5.3
Dodging        | |  2.4
Stealth        | |  2.4
Summonings     | |  1.1
Translocations | |  1.1

Action                   |  1- 3 |  4- 6 || total
-------------------------+-------+-------++-------
Melee: Unarmed           |       |     1 ||     1
       Long sword        |       |     8 ||     8
 Cast: Magic Dart        |    78 |    71 ||   149
       Blink             |       |     5 ||     5
       Mephitic Cloud    |       |     1 ||     1
 Stab: Distracted        |       |     1 ||     1
       Confused          |       |     1 ||     1
  Eat: Chunk             |     2 |     4 ||     6
Armor: Robe              |       |     7 ||     7
Dodge: Dodged            |     4 |    30 ||    34
       Rpst.: Long sword |       |     4 ||     4
